Elbereth, lawful female human Valkyrie ---- --- |..---.--- ------ |........---- |....-- --.........|.-- --------....---..%%---....@.| |................... ....H- |...-------...... --.. --.. --.. |... --.. |....^. |..<... --..... ----------.|.. --........).| |...--------- --.-- --- Elbereth the Fighter Experience level: 7 Strength: 15 Dexterity: 16 Constitution: 17 Intelligence: 11 Wisdom: 10 Charisma: 7 Health: 0(53) Energy: 25(25) Def: 17 Gold: 1025 Moves: 5249 Dungeon seed: qH8agksvK6wwGS9p Game ID: Elbereth_1607584158 Your Inventory: Coins $ - 1025 gold pieces Weapons a - the blessed rustproof +1 Excalibur (weapon in hand) Armor e - an uncursed very burnt +3 small shield (being worn) n - a blessed +3 dwarvish iron helm (being worn) z - an uncursed +0 pair of iron shoes (being worn) Y - a blessed +0 plate mail (being worn) Comestibles c - 4 uncursed food rations H - an uncursed partly eaten food ration J - an uncursed carrot U - an uncursed fortune cookie Rings f - an uncursed +1 ring of gain constitution (on left hand) v - an uncursed ring of stealth (on right hand) C - an uncursed ring of polymorph control Wands y - a wand of polymorph (0:2) D - a cursed wand of sleep (0:3) Tools M - a cursed +0 unicorn horn Spells and supernatural/magical abilities: Name Level Category Fail Memory W - pray for help -- divine ? -- Your skills at the end: Fighting Skills Weapon Skills dagger [Basic] long sword [Basic] Spellcasting Skills Final Attributes: You were piously aligned. You were cold resistant. You were poison resistant. You were level-drain resistant. You were telepathic. You had automatic searching. You were stealthy. You were fast. You are dead. Vanquished creatures: 3 ghosts a lynx 2 giant spiders a vampire bat a gnome king 2 yetis a dingo a housecat a gnome mummy a snake an ape a bugbear a wood nymph 3 water nymphs an Uruk-hai a rock mole a pony a violet fungus 8 gnome lords 7 gnomish wizards a kobold mummy 2 golden naga hatchlings 2 guardian naga hatchlings a paper golem 2 floating eyes a kitten 3 dwarves a homunculus a rabid rat 2 giant bats 6 monkeys 2 iguanas 2 killer bees an acid blob a coyote 9 manes a hobgoblin 2 giant rats a red mold 37 gnomes 4 garter snakes a gnome zombie 3 geckos 5 jackals 3 foxes a kobold 2 goblins 3 sewer rats 4 grid bugs 2 bats 5 lichens 3 kobold zombies 5 newts 158 creatures vanquished. Voluntary challenges: You were an atheist. You used a wielded weapon 216 times, starting on turn 58. You read items or engraved 10 times, starting on turn 1165. You never genocided any monsters. You polymorphed 11 items, starting on turn 4353. You never changed form. You used no wishes. You never split a pudding. You never wrote Elbereth's name. You never violated your personal moral code. Dungeon overview: The Dungeons of Doom: levels 1 to 3 Level 1 a fountain a long staircase Level 2 a fountain Level 3 stairs to The Gnomish Mines The Gnomish Mines: levels 4 to 10 Level 4 stairs to The Dungeons of Doom Level 5 Level 6 Level 7 a lighting shop, a temple to Loki, some fountains, a sink Level 8 Level 9 Level 10 <- You were here History has recorded: On T:1 you entered the Dungeons of Doom to retrieve the Amulet of Yendor! On T:434 you reached level 2 of The Dungeons of Doom. On T:762 you advanced to experience level 2. On T:914 you reached level 3 of The Dungeons of Doom. On T:916 you advanced to experience level 3. On T:1575 you advanced to experience level 4. On T:2020 you reached level 1 of The Gnomish Mines. On T:2105 you advanced to experience level 5. On T:2801 you reached level 2 of The Gnomish Mines. On T:2837 you advanced to experience level 6. On T:3121 you reached level 3 of The Gnomish Mines. On T:3822 you advanced to experience level 7. On T:3996 you reached level 4 of The Gnomish Mines. On T:4309 you advanced to experience level 6. On T:4486 you reached level 5 of The Gnomish Mines. On T:4668 you advanced to experience level 7. On T:4840 you reached level 6 of The Gnomish Mines. On T:5131 you reached level 7 of The Gnomish Mines. Score breakdown: Gold: 1025 (10242 points) Experience: 7 levels (13645 points) Exploration: 10 levels ( 19.61%) (12727 points) Discoveries: 16 items ( 6.50%) ( 7650 points) Valuables value: (no points given unless you survive) Artifact value: 4000 (12253 points) Variety of kills: 53 monsters ( 13.91%) (11189 points) Turncount: 5249 turns (-1426 points) Survival: died (score multiplied by 80%) Total score: 53024 Latest messages: You resume your meal. You finish eating the gnome lord corpse. You see here a gnome corpse. Blecch! Rotten food! You feel rather light headed. You feel less confused now. You stop eating. The homunculus misses. (2x) You hit the homunculus! The homunculus misses. You kill the homunculus! You see here a homunculus corpse. You see here a partly eaten gnome corpse. You hear rumbling in the distance. V - a dark green potion. You feel smart! The minotaur hits! (2x) The minotaur butts! The minotaur hits! (2x) You die... Final status: Farvel Elbereth the Valkyrie, killed by a minotaur... You died in The Gnomish Mines on dungeon level 10 with 53024 points, and 1025 pieces of gold, after 5249 moves. You were level 7 with a maximum of 53 hit points when you died.